AoeStats
← Beisser

Nomad

510331805Analyzed
2v2 RM · 20h ago on Sep 30, 2026· 42m 28s· 4 players
Game mode
Random Map
Map size
176×176
Population
200
Speed
Normal
Resources
Standard
Victory
Conquest
Starting age
Dark Age
Ending age
Imperial Age
RankedLock teamsTeams togetherTeam positionsShared explorationLock speedFull tech treeHidden civsTurbo modeCheats
Victory
Defeat
🇨🇦 Bulgarians · Canada
1441
+14
🇦🇷 Italians · Argentina
1391
+16
🇨🇭 Bengalis · Switzerland
1388
-20
🇨🇭 Tatars · Switzerland
1388
-20
aReIF
4:52 Loom
11:57 Feudal Age
13:14 Double-Bit Axe
18:58 Castle Age
21:38 Medium Warships
23:20 Wheelbarrow
22:32 Town Watch
22:56 Gold Mining
24:45 Ballistics
26:38 Fletching
27:21 Bodkin Arrow
28:34 Padded Archer Armor
30:16 Leather Archer Armor
33:49 Imperial Age
32:03 Leather Archer Armor
34:39 Bracer
36:21 Conscription
35:49 Elite Genoese Crossbowman
37:35 Chemistry
38:36 Ring Archer Armor
Nyuszi
3:05 Loom
13:52 Feudal Age
14:22 Double-Bit Axe
16:15 Town Watch
17:08 Wheelbarrow
18:04 Fletching
18:06 Town Watch
21:03 Castle Age
18:51 Town Watch
20:12 Gold Mining
21:43 Scale Mail Armor
21:53 Forging
22:06 Bow Saw
21:59 Fishing Lines
22:36 Medium Warships
23:41 Chain Mail Armor
24:02 Iron Casting
24:24 Gold Shaft Mining
23:56 Fishing Lines
24:40 Stone Mining
24:48 Bodkin Arrow
25:23 Gambesons
28:34 Squires
28:21 Arson
31:07 Elite Skirmisher
31:50 Padded Archer Armor
31:46 Horse Collar
33:46 Leather Archer Armor
36:38 Ballistics
37:42 Pikeman
38:45 Gillnets
40:23 Masonry
43:54 Imperial Age
42:51 Murder Holes
<|>o.o<|>
5:08 Loom
15:05 Feudal Age
19:17 Castle Age
18:54 Double-Bit Axe
19:41 Forging
20:08 Medium Warships
24:31 Bow Saw
24:58 Wheelbarrow
24:51 Fletching
28:55 Ballistics
28:27 Horse Collar
29:46 Bloodlines
30:35 Bodkin Arrow
31:17 Husbandry
32:03 Padded Archer Armor
34:41 Leather Archer Armor
34:32 Gold Mining
34:32 Stone Mining
39:32 Imperial Age
37:34 Masonry
37:44 Scale Barding Armor
40:34 Bracer
42:40 Gold Shaft Mining
43:25 Chemistry
Beisser
4:30 Loom
14:20 Feudal Age
16:10 Double-Bit Axe
19:34 Castle Age
18:28 Gold Mining
20:38 Bow Saw
21:08 Medium Warships
23:53 Fishing Lines
24:44 Gillnets
28:27 Horse Collar
29:39 Heavy Plow
31:34 Wheelbarrow
31:14 Scale Barding Armor
35:58 Imperial Age
33:44 Hand Cart
33:53 Hand Cart
34:37 Chain Barding Armor
36:10 Fletching
37:29 Masonry
37:23 Bodkin Arrow
37:29 Padded Archer Armor
36:55 Elite Skirmisher
39:57 Town Watch
40:34 Bracer
42:29 Leather Archer Armor
Connection lost

Rejoining the realm…

Still unreachable

The connection could not be restored.

Session expired

The server has moved on; the page needs a fresh start.